IL
SCRANTON WB RAILRIDERS @ LEHIGH VALLEY IRONPIGS
06/26/2099
 
TOP OF THE 1ST
Scranton WB RailRiders batting - Pitching for Lehigh Valley IronPigs : RHP Jacob Zeller
Pitching: RHP Jacob Zeller
Batting: SHB Ethan Gavin 0-0: Called Strike
0-1: Ball
1-1: Ball
2-1: Ball
3-1: Base on Balls
Batting: RHB David Shamp 0-0: Called Strike
0-1: SINGLE (Groundball, 4MD, EV 101.9 MPH)
Ethan Gavin to second
Batting: LHB Ricky Nieto 0-0: Foul Ball, location: 7LMF
0-1: Ball
1-1: Foul Ball, location: 2F
1-2: Ball
2-2: Ball
3-2: Grounds into double play, 5-4-3 (Groundball, 56, EV 90.6 MPH)
Ethan Gavin to third
Batting: LHB Jesus Canales 0-0: Ball
1-0: Called Strike
1-1: Swinging Strike
1-2: Strikes out looking
Top of the 1st over - 0 runs, 1 hit, 0 errors, 1 left on base; Scranton WB 0 - Lehigh Valley 0
BOTTOM OF THE 1ST
Lehigh Valley IronPigs batting - Pitching for Scranton WB RailRiders : RHP Matt Engel
Pitching: RHP Matt Engel
Batting: LHB Justin Clark 0-0: DOUBLE (Flyball, 8RXD, EV 90.6 MPH)
Batting: RHB Aaron Marler 0-0: Ball
1-0: Foul Ball, location: 3SF
1-1: Ball
2-1: Fly out, F8 (Line Drive, 89M, EV 106.9 MPH)
Batting: RHB Ricardo Ortiz 0-0: Fly out, F7 (Flyball, 7D, EV 102.5 MPH)
Batting: SHB Cesar Quinteros 0-0: Called Strike
0-1: Ball
1-1: Foul Ball, location: 2F
1-2: Fly out, F7 (Line Drive, 7LM, EV 98.1 MPH)
Bottom of the 1st over - 0 runs, 1 hit, 0 errors, 1 left on base; Scranton WB 0 - Lehigh Valley 0
TOP OF THE 2ND
Scranton WB RailRiders batting - Pitching for Lehigh Valley IronPigs : RHP Jacob Zeller
Batting: LHB Jose Berumen 0-0: Called Strike
0-1: Fly out, F7 (Line Drive, 7, EV 91.3 MPH)
Batting: LHB David Adler 0-0: Swinging Strike
0-1: Ball
1-1: Fly out, F7 (Flyball, 7D, EV 95.6 MPH)
Batting: RHB William Gonzalez 0-0: Ball
1-0: Foul Ball, location: 3FF
1-1: Ball
2-1: Foul Ball, location: 2RF
2-2: Foul Ball, location: 5FF
2-2: Foul Ball, location: 7LDF
2-2: Strikes out swinging
Top of the 2nd over - 0 runs, 0 hits, 0 errors, 0 left on base; Scranton WB 0 - Lehigh Valley 0
BOTTOM OF THE 2ND
Lehigh Valley IronPigs batting - Pitching for Scranton WB RailRiders : RHP Matt Engel
Batting: RHB John Zanin 0-0: Fly out, F9 (Flyball, 9LS, EV 98.1 MPH)
Batting: LHB Ryan Hawes 0-0: Ball
1-0: Foul Ball, location: 3F
1-1: Swinging Strike
1-2: Foul Ball, location: 2F
1-2: Ball
2-2: Foul Ball, location: 3F
2-2: Ball
3-2: Foul Ball, location: 7LSF
3-2: Foul Ball, location: 2F
3-2: Strikes out looking
Batting: RHB Jiao-long Xue 0-0: Swinging Strike
0-1: Called Strike
0-2: Strikes out swinging
Bottom of the 2nd over - 0 runs, 0 hits, 0 errors, 0 left on base; Scranton WB 0 - Lehigh Valley 0
TOP OF THE 3RD
Scranton WB RailRiders batting - Pitching for Lehigh Valley IronPigs : RHP Jacob Zeller
Batting: RHB Sam Sokol 0-0: Called Strike
0-1: Ball
1-1: Called Strike
1-2: Ball
2-2: Ball
3-2: SINGLE (Groundball, 56D, EV 100.6 MPH)
Batting: RHB Jeremy Boland 0-0: Ball
1-0: SINGLE (Groundball, 56D, EV 97.5 MPH)
Sam Sokol to second
Batting: SHB Ethan Gavin 0-0: Called Strike
0-1: Called Strike
0-2: Ball
1-2: SINGLE (Groundball, 34D, EV 97.5 MPH)
Sam Sokol to third
Jeremy Boland to second
Runner from 3rd tries for Home, SAFE, throw by RF to home
Batting: RHB David Shamp 0-0: Called Strike
0-1: Ball
1-1: Foul Ball, location: 25F
1-2: Grounds into double play, 5-4-3 (Groundball, 56, EV 98.8 MPH)
Jeremy Boland to third
Batting: LHB Ricky Nieto 0-0: Foul Ball, location: 2RF
0-1: Called Strike
0-2: Foul Ball, location: 7LDF
0-2: Ground out 5-3 (Groundball, 5, EV 77.5 MPH)
Top of the 3rd over - 1 run, 3 hits, 0 errors, 1 left on base; Scranton WB 1 - Lehigh Valley 0
BOTTOM OF THE 3RD
Lehigh Valley IronPigs batting - Pitching for Scranton WB RailRiders : RHP Matt Engel
Batting: LHB Ben Harrison 0-0: Foul Ball, location: 3F
0-1: Ball
1-1: Swinging Strike
1-2: Strikes out swinging
Batting: RHB Jim Unknown 0-0: Ball
1-0: Ball
2-0: Fly out, F8 (Line Drive, 8RD, EV 98.1 MPH)
Batting: LHB Justin Clark 0-0: Ball
1-0: Ball
2-0: Ball
3-0: Called Strike
3-1: Called Strike
3-2: Base on Balls
Batting: RHB Aaron Marler 0-0: Called Strike
0-1: SINGLE (Groundball, 6D, EV 100.0 MPH)
Justin Clark to second
Runner from 2nd tries for 3rd, SAFE, no throw by LF
Batting: RHB Ricardo Ortiz 0-0: Called Strike
0-1: Foul Ball, location: 9LMF
0-2: Strikes out swinging
Bottom of the 3rd over - 0 runs, 1 hit, 0 errors, 2 left on base; Scranton WB 1 - Lehigh Valley 0
TOP OF THE 4TH
Scranton WB RailRiders batting - Pitching for Lehigh Valley IronPigs : RHP Jacob Zeller
Batting: LHB Jesus Canales 0-0: Ball
1-0: Swinging Strike
1-1: Swinging Strike
1-2: Foul Ball, location: 5SF
1-2: Ball
2-2: Foul Ball, location: 2F
2-2: Strikes out swinging
Pitching: RHP Josh McVaney
Batting: LHB Jose Berumen 0-0: Foul Ball, location: 7LMF
0-1: Called Strike
0-2: Ball
1-2: Ball
2-2: Ball
3-2: Fly out, F8 (Flyball, 8RS, EV 94.4 MPH)
Batting: LHB David Adler 0-0: Called Strike
0-1: Swinging Strike
0-2: Ball
1-2: Ball
2-2: Ball
3-2: Base on Balls
Batting: RHB William Gonzalez 0-0: Fly out, F2 (Popup, 23F, EV 93.1 MPH)
Top of the 4th over - 0 runs, 0 hits, 0 errors, 1 left on base; Scranton WB 1 - Lehigh Valley 0
BOTTOM OF THE 4TH
Lehigh Valley IronPigs batting - Pitching for Scranton WB RailRiders : RHP Matt Engel
Batting: SHB Cesar Quinteros 0-0: Fly out, F7 (Flyball, 7, EV 85.6 MPH)
Batting: RHB John Zanin 0-0: Foul Ball, location: 3F
0-1: Foul Ball, location: 2F
0-2: Ball
1-2: Foul Ball, location: 2F
1-2: Ball
2-2: Foul Ball, location: 3DF
2-2: Strikes out swinging
Batting: LHB Ryan Hawes 0-0: Ball
1-0: Called Strike
1-1: Foul Ball, location: 2F
1-2: Strikes out swinging
Bottom of the 4th over - 0 runs, 0 hits, 0 errors, 0 left on base; Scranton WB 1 - Lehigh Valley 0
TOP OF THE 5TH
Scranton WB RailRiders batting - Pitching for Lehigh Valley IronPigs : RHP Josh McVaney
Batting: RHB Sam Sokol 0-0: Ball
1-0: Called Strike
1-1: Ball
2-1: Ground out 6-3 (Groundball, 6, EV 101.3 MPH)
Batting: RHB Jeremy Boland 0-0: Ball
1-0: Swinging Strike
1-1: Fly out, F8 (Flyball, 89XD, EV 76.9 MPH)
Batting: SHB Ethan Gavin 0-0: Called Strike
0-1: Ball
1-1: Foul Ball, location: 2F
1-2: Ball
2-2: Foul Ball, location: 5DF
2-2: Ball
3-2: Base on Balls
Batting: RHB David Shamp 0-0: Swinging Strike
0-1: Ball
1-1: Fly out, F3 (Popup, 23F, EV 88.1 MPH)
Top of the 5th over - 0 runs, 0 hits, 0 errors, 1 left on base; Scranton WB 1 - Lehigh Valley 0
BOTTOM OF THE 5TH
Lehigh Valley IronPigs batting - Pitching for Scranton WB RailRiders : RHP Matt Engel
Batting: RHB Jiao-long Xue 0-0: Called Strike
0-1: Ball
1-1: Called Strike
1-2: Fly out, F7 (Flyball, 78M, EV 91.9 MPH)
Batting: LHB Ben Harrison 0-0: Called Strike
0-1: Ball
1-1: Ball
2-1: Swinging Strike
2-2: Fly out, F5 (Popup, 5S, EV 79.4 MPH)
Batting: RHB Jim Unknown 0-0: Ball
1-0: Called Strike
1-1: SINGLE (Groundball, 3D, EV 96.3 MPH)
Batting: LHB Justin Clark 0-0: Ball
1-0: Ball
2-0: Called Strike
2-1: Foul Ball, location: 2F
2-2: SINGLE (Groundball, 56D, EV 106.3 MPH)
Jim Unknown to second
Batting: RHB Aaron Marler 0-0: Called Strike
0-1: Foul Ball, location: 5FF
0-2: Strikes out looking
Bottom of the 5th over - 0 runs, 2 hits, 0 errors, 2 left on base; Scranton WB 1 - Lehigh Valley 0
TOP OF THE 6TH
Scranton WB RailRiders batting - Pitching for Lehigh Valley IronPigs : RHP Josh McVaney
Batting: LHB Ricky Nieto 0-0: Ball
1-0: Foul Ball, location: 7LMF
1-1: Ball
2-1: Swinging Strike
2-2: Strikes out swinging
Batting: LHB Jesus Canales 0-0: Ball
1-0: Foul Ball, location: 5SF
1-1: Swinging Strike
1-2: Strikes out swinging
Batting: LHB Jose Berumen 0-0: Ball
1-0: Swinging Strike
1-1: Ground out 6-3 (Groundball, 6, EV 85.0 MPH)
Top of the 6th over - 0 runs, 0 hits, 0 errors, 0 left on base; Scranton WB 1 - Lehigh Valley 0
BOTTOM OF THE 6TH
Lehigh Valley IronPigs batting - Pitching for Scranton WB RailRiders : RHP Matt Engel
Batting: RHB Ricardo Ortiz 0-0: Ball
1-0: Foul Ball, location: 7LMF
1-1: Ground out 2-3 (Groundball, 15S, EV 73.8 MPH)
Batting: SHB Cesar Quinteros 0-0: Ball
1-0: Ball
2-0: Foul Ball, location: 23F
2-1: Called Strike
2-2: DOUBLE (Flyball, 8LXD, EV 106.9 MPH)
Batting: RHB John Zanin 0-0: Fly out, F6 (Popup, 6, EV 62.5 MPH)
Batting: LHB Ryan Hawes 0-0: Hit by Pitch
Batting: RHB Jiao-long Xue 0-0: DOUBLE (Flyball, 8RXD, EV 102.5 MPH)
Cesar Quinteros scores
Ryan Hawes to third
Batting: LHB Ben Harrison 0-0: Ball
1-0: Called Strike
1-1: Swinging Strike
1-2: Foul Ball, location: 5F
1-2: Ball
2-2: Foul Ball, location: 2F
2-2: Ball
3-2: Base on Balls
Batting: RHB Jim Unknown 0-0: Foul Ball, location: 3FF
0-1: Ball
1-1: Ball
2-1: Foul Ball, location: 2F
2-2: Foul Ball, location: 7LMF
2-2: Reached on error, E4 (Groundball, 34, EV 102.5 MPH)
Ryan Hawes scores
Jiao-long Xue to third
Ben Harrison to second
Batting: LHB Justin Clark 0-0: Called Strike
0-1: Ball
1-1: Ball
2-1: Fly out, F8 (Line Drive, 8LD, EV 86.3 MPH)
Bottom of the 6th over - 2 runs, 2 hits, 1 error, 3 left on base; Scranton WB 1 - Lehigh Valley 2
TOP OF THE 7TH
Scranton WB RailRiders batting - Pitching for Lehigh Valley IronPigs : RHP Josh McVaney
Batting: LHB David Adler 0-0: Hit by Pitch
Batting: RHB William Gonzalez 0-0: Fly out, F9 (Flyball, 89M, EV 84.4 MPH)
Batting: RHB Sam Sokol 0-0: Called Strike
0-1: Ball
1-1: Grounds into double play, 4-6-3 (Groundball, 4, EV 85.6 MPH)
Top of the 7th over - 0 runs, 0 hits, 0 errors, 0 left on base; Scranton WB 1 - Lehigh Valley 2
BOTTOM OF THE 7TH
Lehigh Valley IronPigs batting - Pitching for Scranton WB RailRiders : RHP Matt Engel
Batting: RHB Aaron Marler 0-0: Ball
1-0: Called Strike
1-1: Ball
2-1: Swinging Strike
2-2: Foul Ball, location: 5SF
2-2: Ball
3-2: Strikes out swinging
Batting: RHB Ricardo Ortiz 0-0: Ball
1-0: DOUBLE (Groundball, 5L, EV 98.1 MPH)
Pitching: RHP John Hall
Batting: SHB Cesar Quinteros 0-0: Ball
1-0: Ground out 1-3 (Groundball, 13S, EV 69.4 MPH)
Ricardo Ortiz to third
Batting: RHB John Zanin 0-0: SINGLE (Groundball, 4MD, EV 103.8 MPH)
Ricardo Ortiz scores
Batting: LHB Ryan Hawes 0-0: Ball
1-0: Ball
2-0: Called Strike
2-1: Ball
3-1: SINGLE (Line Drive, 8RS, EV 101.9 MPH)
John Zanin to second
Batting: RHB Jiao-long Xue 0-0: Called Strike
0-1: Ball
1-1: Called Strike
1-2: SINGLE (Line Drive, 89S, EV 106.3 MPH)
John Zanin to third
Ryan Hawes to second
Runner from 3rd tries for Home, SAFE, throw by RF to home
Batting: LHB Ben Harrison 0-0: Ball
1-0: Ball
2-0: Called Strike
2-1: Called Strike
2-2: Ground out 4-3 (Groundball, 4, EV 85.6 MPH)
Bottom of the 7th over - 2 runs, 4 hits, 0 errors, 2 left on base; Scranton WB 1 - Lehigh Valley 4
TOP OF THE 8TH
Scranton WB RailRiders batting - Pitching for Lehigh Valley IronPigs : RHP Josh McVaney
Batting: RHB Jeremy Boland 0-0: Called Strike
0-1: Foul Ball, location: 25F
0-2: Strikes out looking
Batting: SHB Ethan Gavin 0-0: Foul Ball, location: 2F
0-1: Swinging Strike
0-2: Ball
1-2: Fly out, F3 (Line Drive, 3L, EV 68.8 MPH)
Batting: RHB David Shamp 0-0: SINGLE (Groundball, 6MD, EV 103.1 MPH)
Pitching: RHP Elliot Courtney
Batting: LHB Ricky Nieto 0-0: Swinging Strike
0-1: Fly out, F2 (Popup, 23F, EV 91.9 MPH)
Top of the 8th over - 0 runs, 1 hit, 0 errors, 1 left on base; Scranton WB 1 - Lehigh Valley 4
BOTTOM OF THE 8TH
Lehigh Valley IronPigs batting - Pitching for Scranton WB RailRiders : RHP John Hall
Batting: RHB Jim Unknown 0-0: Ground out 5-3 (Groundball, 56, EV 88.1 MPH)
Batting: LHB Justin Clark 0-0: Ball
1-0: SOLO HOME RUN (Flyball, 89XD, EV 104.4 MPH), Distance : 407 ft
Batting: RHB Aaron Marler 0-0: Ball
1-0: Called Strike
1-1: Called Strike
1-2: Fly out, F8 (Flyball, 8LXD, EV 91.9 MPH)
Batting: RHB Ricardo Ortiz 0-0: Ball
1-0: Ball
2-0: Foul Ball, location: 2F
2-1: Foul Ball, location: 2F
2-2: Strikes out swinging
Bottom of the 8th over - 1 run, 1 hit, 0 errors, 0 left on base; Scranton WB 1 - Lehigh Valley 5
TOP OF THE 9TH
Scranton WB RailRiders batting - Pitching for Lehigh Valley IronPigs : RHP Elliot Courtney
Batting: LHB Jesus Canales 0-0: Called Strike
0-1: Ball
1-1: Ball
2-1: Ball
3-1: Swinging Strike
3-2: Strikes out swinging
Batting: LHB Jose Berumen 0-0: Ball
1-0: Ball
2-0: Ball
3-0: Fly out, F8 (Flyball, 8LXD, EV 101.9 MPH)
Batting: LHB David Adler 0-0: Ball
1-0: Fly out, F7 (Flyball, 7LM, EV 88.8 MPH)
Top of the 9th over - 0 runs, 0 hits, 0 errors, 0 left on base; Scranton WB 1 - Lehigh Valley 5
Friday, May 10th , 2024 - OOTP Baseball 24.11 Build 85